 Dungeon Crawl Stone Soup version 0.30.0-13-g156ef70053 (webtiles) character file.

Game seed: 16679369873383268695

7 dialectric the Sneak (level 1, -2/11 HPs)
             Began as a Spriggan Delver on May 17, 2023.
             Killed from afar by an orc wizard (10 damage)
             ... with a puff of flame
             ... on level 5 of the Dungeon.
             The game lasted 00:00:44 (99 turns).

dialectric the Sneak (Spriggan Delver)                Turns: 99, Time: 00:00:45

Health: -2/11      AC:  2    Str:  8    XL:     1   Next: 91%
Magic:  2/2        EV: 17    Int: 11    God:
Gold:   0          SH:  0    Dex: 16    Spells: 0/0 levels left

rFire   . . .        a - +0 short sword
rCold   . . .        (no shield)
rNeg    . . .        b - +0 robe
rPois   .            (helmet restricted)
rElec   .            (no cloak)
rCorr   .            (gloves unavailable)
SInv    +            (boots unavailable)
Will    .....        (no amulet)
Stlth   ++++         (no ring)
HPRegen 0.21/turn    (no ring)
MPRegen 0.08/turn

%: no passive effects
@: very quick
A: very small, no large weapons, unfitting armour, see invisible, speed 3
a: no special abilities


You were on level 5 of the Dungeon.
You visited 1 branch of the dungeon, and saw 2 of its levels.

Inventory:

Hand Weapons
 a - a +0 short sword (weapon)
Armour
 b - a +0 robe (worn)
Wands
 g - a wand of digging (3)
Scrolls
 c - a scroll of fog
 d - a scroll of magic mapping
 e - a scroll of fear
 i - 2 scrolls of identify {unknown}
 k - a scroll of torment {unknown}
Potions
 f - a potion of haste
 h - a potion of heal wounds {unknown}
 j - 2 potions of might {unknown}


   Skills:
 + Level 2.4 Fighting
 + Level 2.2 Short Blades
 + Level 2.7 Dodging
 * Level 7.8 Stealth


You couldn't memorise any spells.
You didn't know any spells.
Your spell library was empty.

Dungeon Overview and Level Annotations

Branches:
Dungeon (6/15)
 Temple: D:4-7

Altars:


Innate Abilities, Weirdness & Mutations

You are very small and have problems with some larger weapons.
You are too small for most types of armour.
You have supernaturally acute eyesight. (SInv)
You cover ground extremely quickly. (Speed+++)


Message History

The orc is wielding a +0 short sword of speed.
The jelly quivers.
An iguana and an orc wizard come into view.
The scorpion stings you.
The orc wizard shouts!
The orc shouts!
You hit the scorpion but do no damage.
The iguana hisses angrily.
The scorpion closely misses you.
Unknown command.
You see here a scroll labelled UWAAMUI XIUQU.
Found a fizzy purple potion.
A black bear comes into view.
You see here a brown potion.
h - a brown potion
Found a scroll labelled BUPIOC FIFOJE and 2 fizzy black potions.
An orc comes into view. It is wielding a +0 short sword.
You see here a scroll labelled BUPIOC FIFOJE.
i - a scroll labelled BUPIOC FIFOJE You see here 2 fizzy black potions.
j - 2 fizzy black potions The scorpion misses you.
Found a scroll labelled WEPOHOMENO and a scroll labelled BUPIOC FIFOJE.
You see here a scroll labelled WEPOHOMENO.
k - a scroll labelled WEPOHOMENO An orc comes into view.
It is wielding a +0 dagger.
You see here a scroll labelled BUPIOC FIFOJE.
i - 2 scrolls labelled BUPIOC FIFOJE (gained 1)
An orc wizard comes into view. It is wielding a +0 dagger.
The orc wizard hits you with a +0 dagger.
An orc comes into view. It is wielding a +0 club.
An orc priest comes into view. It is wielding a +0 hand axe.
A water moccasin comes into view.
Found a stone staircase leading up.
The orc priest shouts!
The orc shouts!
You hear a shout! x2
The orc throws a boomerang.
The boomerang completely misses you. The water moccasin bites you.
The orc wizard points at you and mumbles some strange words.
The puff of flame hits you!
Ouch! That really hurt!
You die...

##...#..####........#
#... ...##....
##....##.###...o
.....
.#..###..s.....#.....
..##.
.....#..#.o.........
. #..###.#.##..#.....
... ###.#.o.o...o.#
#.#
....#.#....###.#...
............####
..##.@.S.....#
#..S.#.#..#....
#....###.###....
...<... ..# #...
......# ... ...
...... ... ## ...##.
... ..# #.


You could see a water moccasin, a scorpion, an orc priest, an orc wizard, an
adder (wandering) and an orc (wandering).

Vanquished Creatures
  A shadow imp (D:5)
1 creature vanquished.

Notes
Turn   | Place    | Note
-------+----------+-------------------------------------------
     0 | D:5      | dialectric the Spriggan Delver began the quest for the Orb.
     0 | D:5      | Reached XP level 1. HP: 11/11 MP: 2/2
    27 | D:6      | Noticed an orc warrior
    31 | D:5      | Noticed a scorpion
    32 | D:5      | Noticed a jelly
    34 | D:5      | Noticed an iguana
    34 | D:5      | Noticed an orc wizard
    43 | D:5      | Noticed a black bear
    88 | D:5      | Noticed an orc wizard
    94 | D:5      | Noticed an orc priest
    95 | D:5      | Noticed a water moccasin
    99 | D:5      | Killed from afar by an orc wizard

Illustrated notes

Levels and vault maps discovered:
D:5:      layout_cave_pools, kb_xom_exploding_sheep
D:6:      layout_layer_cave, evilmike_ruin_ashenzari, kennysheep_mini_moat,
          lemuel_blue_sif_altar, minmay_temple_entry_ruins, minmay_crystal_room,
          nicolae_shop_i_like_small_books_too, minmay_misc_feat_pillars

Action                     || total
---------------------------++-------
  Melee: Short sword       ||     2
   Stab: Sleeping          ||     1
  Dodge: Dodged            ||     3
